Map: Ice and Chrome LE

Players

ExpecT - Winner!

  • Race: Terran Terran
  • Spawn Location: 1:00

Naxin

  • Race: Terran Terran
  • Spawn Location: 7:00

Event: DreamHack SC2 Masters 2020 Fall

VOD

Have the link to the VOD?

Description

Time

  • Played on: Aug. 26, 2020, 9:48 a.m.
  • Length: 13:41

All games in this series

Show
View Real Time Build Order
Export as new Build Order

ExpecT Terran - Winner!

Build Orders:  

Get SALT Encoding   

  12  0:00  SCV  
  13  0:12  SCV  
  14  0:17  Supply Depot  
  14  0:28  SCV  
  14  0:31  Refinery  
  15  0:40  SCV  
  16  0:44  Barracks  
  16  0:53  SCV  
  16  0:55  Refinery  
  17  1:05  SCV  
  18  1:17  SCV  
  19  1:32  Reaper  
  21  1:33  Orbital Command  
  21  1:35  Factory  
  20  1:43  Supply Depot  
  20  1:59  SCV  
  21  2:04  Reaper  
  22  2:11  SCV  
  23  2:20  Hellion  
  25  2:23  SCV  
  25  2:26  Command Center  
  26  2:35  SCV  
  27  2:39  Barracks Reactor  
  27  2:42  Factory Tech Lab, Supply Depot  
  27  2:49  Starport  
  27  2:50  SCV  
  28  3:02  SCV  
  29  3:08  Siege Tank  
  31  3:16  SCV  
  31  3:18  Marine x2  
  34  3:26  Medivac  
  36  3:33  SCV  
  37  3:34  Refinery  
  37  3:36  Marine x2  
  37  3:40  Orbital Command  
  39  3:45  SCV  
  40  3:48  Siege Tank  
  40  3:54  Supply Depot  
  43  3:56  Marine x2  
  45  4:03  Viking  
  45  4:07  SCV x2  
  48  4:21  Siege Tank, Marine x2  
  52  4:30  SCV x2  
  54  4:33  Viking  
  56  4:42  SCV x2  
  58  4:52  Marine x2  
  54  4:57  Siege Tank  
  56  5:14  Marine x2  
  54  5:15  Viking  
  57  5:21  SCV x2  
  58  5:29  Siege Tank  
  58  5:33  Command Center, SCV  
  62  5:35  Barracks x2  
  62  5:42  SCV, Marine x2  
  62  5:45  SCV  
  62  5:49  Supply Depot  
  63  5:54  SCV  
  63  5:55  Viking  
  55  6:15  Marine x2  
  55  6:17  SCV x2  
  56  6:22  Siege Tank  
  57  6:27  Barracks Tech Lab x2, Viking  
  57  6:30  SCV x2  
  61  6:38  Marine x2  
  61  6:39  Engineering Bay  
  63  6:41  Engineering Bay  
  63  6:42  SCV x2  
  58  6:47  Orbital Command  
  65  6:48  Combat Shield, Stimpack  
  65  6:49  Marine x2  
  67  6:56  Siege Tank  
  67  6:57  SCV  
  67  6:58  SCV  
  67  7:00  Starport Reactor  
  72  7:07  Terran Infantry Armor Level 1, Terran Infantry Weapons Level 1  
  72  7:09  SCV  
  72  7:10  SCV  
  72  7:11  Refinery  
  72  7:12  Supply Depot  
  72  7:13  Marine x4  
  78  7:16  SCV  
  78  7:22  SCV  
  80  7:25  Supply Depot  
  80  7:28  Siege Tank  
  76  7:44  Marine x4  
  76  7:45  SCV x2  
  82  7:52  SCV  
  82  7:54  Barracks x2  
  82  7:56  Medivac  
  82  7:57  Medivac, SCV x2  
  89  8:00  Siege Tank  
  89  8:01  Marine x2  
  89  8:02  Marine x2  
  89  8:04  Refinery, SCV  
  89  8:05  Refinery  
  97  8:09  SCV  
  97  8:10  SCV  
  99  8:16  SCV  
  99  8:19  Marine x3  
  101  8:20  Armory, Supply Depot, Marine  
  101  8:22  Sensor Tower, SCV x2  
  106  8:28  SCV  
  106  8:34  SCV x2  
  108  8:37  Marine  
  108  8:41  Viking, Siege Tank, Marine x3  
  117  8:55  Marine  
  117  8:59  Marine  
  117  9:01  Marine x2  
  117  9:03  Marine x2  
  117  9:05  Orbital Command  
  117  9:08  Viking  
  117  9:13  Marine  
  117  9:17  Viking, Marine  
  117  9:31  Supply Depot  
  117  9:32  Siege Tank, SCV x2, Supply Depot, Marine  
  117  9:33  Supply Depot  
  117  9:34  Marine  
  117  9:36  Marine, Barracks Reactor x2  
  125  9:40  Viking, SCV, Marine  
  129  9:46  Terran Infantry Weapons Level 2, Terran Infantry Armor Level 2  
  129  9:48  Terran Vehicle Weapons Level 1  
  129  9:49  Marine  
  129  9:52  Marine  
  131  9:54  Marine  
  131  9:57  Marine  
  133  10:02  Sensor Tower  
  133  10:04  SCV x2, Refinery  
  135  10:07  Marine  
  135  10:10  Missile Turret, Marine  
  135  10:11  Marine  
  135  10:12  Marine x4  
  141  10:15  Marine  
  133  10:25  Marine  
  133  10:27  Medivac x2  
  133  10:28  Marine  
  139  10:29  Marine  
  139  10:30  Marine x4  
  139  10:33  Orbital Command  
  144  10:36  Marine  
  143  10:43  Marine  
  143  10:44  SCV x2  
  143  10:45  Marine  
  136  10:54  Marine  
  136  10:55  Marine x2  
  136  10:56  SCV x2  
  139  11:00  Sensor Tower  
  138  11:05  SCV  
  138  11:08  SCV  
  138  11:09  SCV  
  132  11:17  SCV  
  133  11:20  SCV  
  133  11:21  SCV  
  135  11:29  SCV  
  136  11:33  SCV x2  
  136  11:37  Command Center  
  136  11:39  Marine  
  136  11:45  Marine x5  
  142  11:48  Supply Depot  
  142  11:49  Medivac x2, Supply Depot  
  142  11:52  Siege Tank  
  149  12:03  Marine  
  149  12:04  Marine  
  149  12:05  Marine x2  
  123  12:11  Marine x3  
  123  12:12  Factory  
  126  12:17  Marine  
  126  12:21  Marine x2  
  129  12:24  Siege Tank  
  129  12:27  Marine  
  129  12:28  Marine x2  
  131  12:30  Marine x2  
  131  12:35  Marine  
  122  12:39  Marine x2  
  122  12:42  Supply Depot  
  124  12:45  Marine x2  
  124  12:46  Marine  
  124  12:48  Marine x2  
  129  12:53  Marine  
  129  12:56  Siege Tank  
  129  12:57  Marine x2  
  134  13:00  Factory Tech Lab  
  134  13:03  Marine x2  
  134  13:04  Medivac x2, Marine  
  141  13:06  Marine x2  
  141  13:11  Marine  
  144  13:15  Marine x2  
  145  13:21  Marine x2  
  145  13:22  Marine  
  145  13:25  Supply Depot  
Show
View Real Time Build Order
Export as new Build Order

Naxin Terran 

Build Orders:  

Get SALT Encoding   

  12  0:00  SCV  
  13  0:12  SCV  
  14  0:16  Supply Depot  
  14  0:24  SCV  
  15  0:30  Refinery  
  15  0:38  SCV  
  16  0:45  Barracks  
  16  0:50  SCV  
  16  0:53  Refinery  
  17  1:02  SCV  
  18  1:17  SCV  
  19  1:32  Orbital Command, Reaper  
  20  1:35  Factory  
  20  1:41  Supply Depot  
  20  1:57  SCV  
  21  2:04  Reaper  
  22  2:09  SCV  
  23  2:18  Hellion  
  23  2:22  SCV  
  26  2:30  Command Center  
  26  2:34  SCV  
  26  2:36  Barracks Reactor  
  27  2:38  Supply Depot  
  27  2:42  Widow Mine  
  29  2:46  SCV  
  30  2:51  Starport  
  30  2:58  SCV  
  31  3:10  SCV  
  32  3:16  Factory Tech Lab, Marine  
  32  3:17  Marine  
  33  3:22  SCV  
  33  3:25  Refinery  
  34  3:34  SCV, Marine x2  
  34  3:40  Medivac  
  39  3:41  Cyclone  
  39  3:43  Orbital Command  
  39  3:46  SCV  
  43  3:52  Marine x2  
  45  3:56  Supply Depot  
  45  3:58  SCV  
  46  4:09  SCV  
  47  4:10  SCV  
  47  4:12  Starport Tech Lab  
  47  4:16  Marine  
  47  4:17  Marine  
  49  4:23  Factory Tech Lab  
  49  4:24  Raven  
  51  4:34  Marine  
  51  4:38  SCV x2, Supply Depot  
  55  4:39  Barracks  
  55  4:44  Marine  
  47  4:57  Siege Tank  
  47  4:59  SCV x2  
  50  5:02  Marine  
  51  5:11  SCV x2  
  51  5:12  Banshee  
  56  5:23  Barracks, SCV  
  56  5:26  Marine  
  57  5:29  Command Center, Siege Tank  
  57  5:32  SCV  
  61  5:39  Marine  
  60  5:44  Marine  
  60  5:47  SCV  
  62  5:50  Supply Depot x2  
  62  5:53  SCV  
  62  5:56  Viking  
  48  6:15  SCV x2  
  48  6:16  Marine x2  
  48  6:17  Barracks Reactor  
  48  6:18  Siege Tank  
  50  6:27  SCV  
  51  6:34  SCV  
  51  6:38  Barracks Tech Lab, Barracks Reactor  
  51  6:39  SCV  
  53  6:41  Starport Reactor  
  53  6:42  Orbital Command  
  53  6:48  SCV  
  53  6:50  Siege Tank  
  53  6:51  SCV  
  58  6:56  Stimpack, Marine x2  
  58  6:58  Marine  
  58  7:00  SCV  
  62  7:03  SCV  
  62  7:07  Engineering Bay  
  63  7:12  Orbital Command, SCV  
  63  7:14  Marine x2  
  63  7:15  SCV  
  67  7:16  Marine  
  67  7:17  Medivac x2  
  67  7:21  Supply Depot, Marine x2  
  74  7:24  SCV  
  74  7:25  Siege Tank  
  78  7:32  Marine x2  
  78  7:33  SCV  
  71  7:37  SCV x2  
  71  7:38  Marine x3  
  76  7:45  SCV  
  76  7:47  Medivac  
  76  7:48  Medivac, Supply Depot  
  76  7:50  Orbital Command, Marine x2  
  83  7:55  Marine  
  83  7:56  Marine  
  83  7:57  Siege Tank  
  88  7:59  Terran Infantry Weapons Level 1, Marine  
  88  8:01  Supply Depot  
  89  8:08  Marine x2  
  89  8:11  Barracks x2  
  89  8:12  Orbital Command, SCV x2  
  93  8:13  Marine  
  93  8:18  Marine  
  95  8:20  Marine  
  95  8:25  Marine  
  95  8:26  Marine  
  98  8:29  Siege Tank  
  98  8:31  Marine  
  98  8:32  Refinery  
  102  8:36  Marine  
  102  8:38  SCV x2, Marine  
  106  8:43  Marine  
  106  8:44  Medivac x2, Marine  
  106  8:47  Supply Depot  
  106  8:48  SCV  
  113  8:49  Combat Shield, Marine  
  94  9:18  Marine  
  94  9:20  SCV, Marine x2  
  94  9:21  SCV  
  94  9:22  Marine  
  94  9:23  Marine  
  94  9:24  Siege Tank  
  104  9:27  Barracks Reactor  
  99  9:33  Marine  
  99  9:36  SCV x3, Marine  
  99  9:38  Marine x2  
  103  9:40  Marine  
  103  9:41  Marine  
  103  9:42  Medivac  
  103  9:43  Medivac  
  109  9:50  SCV x2  
  109  9:51  Refinery  
  109  9:52  SCV  
  113  9:53  Sensor Tower, Terran Infantry Armor Level 1, Marine  
  113  9:55  Marine x2  
  113  9:57  Marine  
  113  9:59  Marine  
  118  10:00  Siege Tank  
  118  10:01  Supply Depot  
  118  10:02  SCV  
  118  10:04  Marine x2  
  123  10:10  Refinery  
  123  10:11  Marine  
  123  10:12  SCV, Barracks Reactor  
  123  10:13  Marine x2  
  128  10:15  Marine  
  128  10:16  Marine  
  118  10:22  Marine x2  
  107  10:29  Marine  
  107  10:30  Viking x2  
  107  10:31  Marine x2  
  107  10:33  Marine  
  114  10:41  Marine x3  
  114  10:42  Siege Tank  
  116  10:52  Marine  
  116  10:55  Marine x2  
  117  11:01  Marine x3  
  117  11:03  Marine  
  113  11:12  Marine x2  
  113  11:15  Medivac x2  
  118  11:27  Marine  
  118  11:30  Marine x2  
  115  11:45  Viking  
  117  11:48  Missile Turret  
  117  11:51  Viking  
  117  11:52  Siege Tank  
  122  12:05  Marine x2  
  122  12:06  Marine x3  
  95  12:14  SCV x2  
  97  12:19  Marine  
  98  12:29  Marine x2  
  91  12:30  Marine  
  91  12:32  Marine  
  91  12:37  Marine  
  94  12:41  Marine  
  94  12:43  Armory  
  96  12:46  Marine  
  96  12:47  Marine  
  98  12:52  Marine x2  
  98  12:54  Marine  
  101  13:03  Marine x2  
  101  13:04  Siege Tank  
  106  13:18  Marine  
  106  13:20  Marine x2  

Tags
 
Add a new tag
Caveats
  • Supply blocks, unpowered buildings, or Contaminate may cause inaccurate times.
  • Supply counts are checked every 10 seconds.